Map: Para Site LE

Players

Bunny - Winner!

  • Race: Terran Terran
  • League: Diamond
  • Spawn Location: 11:00

lIIllllIIlll (INnoVation)

  • Race: Terran Terran
  • League: Master
  • Spawn Location: 5:00

Event: HomeStory Cup XVIII

VOD

Have the link to the VOD?

Description

Time

  • Played on: Nov. 25, 2018, 1:55 p.m.
  • Length: 8:17

All games in this series

Show
View Real Time Build Order
Export as new Build Order

Bunny Terran - Winner!

Build Orders:  

Get SALT Encoding   

  12  0:00  SCV  
  13  0:12  SCV  
  14  0:17  Supply Depot  
  14  0:25  SCV  
  15  0:28  Refinery  
  15  0:39  SCV  
  16  0:44  Barracks  
  16  0:51  SCV  
  16  0:54  Refinery  
  17  1:03  SCV  
  18  1:15  SCV  
  19  1:30  Orbital Command  
  19  1:31  Reaper  
  20  1:34  Factory  
  20  1:46  Supply Depot  
  20  1:56  SCV  
  21  2:03  Reaper  
  22  2:08  SCV  
  23  2:18  Hellion  
  23  2:20  SCV  
  24  2:32  SCV  
  24  2:35  Marine  
  24  2:40  Hellion  
  26  2:44  SCV  
  26  2:47  Command Center  
  27  2:57  SCV  
  28  3:01  Starport  
  28  3:07  Hellion  
  30  3:18  SCV  
  30  3:23  Supply Depot  
  30  3:25  Barracks Tech Lab  
  30  3:30  SCV  
  31  3:45  SCV, Hellion  
  31  3:48  Banshee  
  37  3:57  SCV  
  37  3:59  Orbital Command  
  38  4:04  Barracks Reactor  
  38  4:07  Factory Tech Lab  
  38  4:09  SCV  
  39  4:21  SCV  
  39  4:22  Orbital Command  
  40  4:31  Raven, Siege Tank  
  42  4:33  SCV  
  46  4:39  Supply Depot  
  46  4:43  Marine x2, Refinery  
  46  4:44  Orbital Command  
  48  4:46  SCV  
  48  4:49  SCV  
  50  4:58  SCV  
  51  5:02  Marine  
  51  5:03  Marine, Siege Tank  
  56  5:10  SCV x2  
  56  5:13  Raven  
  60  5:18  Supply Depot  
  60  5:22  SCV x2  
  62  5:35  Supply Depot  
  62  5:39  Supply Depot  
  62  5:40  Marine x2, SCV x2, Siege Tank  
  69  5:52  SCV  
  69  5:56  SCV  
  71  5:57  Command Center, Supply Depot  
  71  5:59  Refinery  
  71  6:05  Viking  
  71  6:09  Viking  
  71  6:10  SCV x2  
  77  6:16  Marine, Siege Tank  
  79  6:22  SCV  
  79  6:23  SCV  
  81  6:35  Viking, SCV x2  
  81  6:39  Viking  
  87  6:42  Marine  
  89  6:47  SCV x2  
  89  6:48  Supply Depot  
  89  6:49  Siege Tank  
  93  7:00  Barracks  
  93  7:01  Barracks, Marine  
  94  7:08  Viking, Supply Depot  
  94  7:09  SCV x2  
  94  7:11  Viking  
  100  7:19  Marine  
  100  7:21  Siege Tank  
  104  7:28  SCV x2  
  102  7:38  Marine  
  102  7:40  SCV x2  
  102  7:41  Orbital Command  
  105  7:53  Barracks Reactor  
  100  8:02  SCV  
  100  8:03  SCV  
  100  8:04  Barracks Reactor  
  89  8:07  Barracks, Engineering Bay  
  89  8:08  Engineering Bay  
  89  8:09  Barracks  
Show
View Real Time Build Order
Export as new Build Order

lIIllllIIlll Terran 

Build Orders:  

Get SALT Encoding   

  12  0:00  SCV  
  13  0:13  Supply Depot  
  13  0:17  SCV  
  14  0:37  Barracks  
  14  0:39  Refinery  
  14  0:52  Barracks  
  15  0:57  SCV  
  15  1:09  SCV  
  16  1:23  Reaper  
  16  1:24  Orbital Command  
  17  1:30  Refinery  
  17  1:39  Reaper  
  18  1:50  SCV  
  19  1:56  Supply Depot  
  19  1:57  Reaper  
  20  2:02  SCV  
  21  2:11  Reaper  
  21  2:14  SCV  
  23  2:26  SCV  
  23  2:29  Reaper  
  25  2:38  SCV  
  25  2:40  Factory  
  25  2:43  Reaper  
  27  2:46  Supply Depot  
  27  2:50  SCV  
  28  3:01  Reaper  
  28  3:03  SCV  
  30  3:18  SCV  
  29  3:21  Command Center  
  29  3:26  Factory Tech Lab  
  29  3:30  Starport  
  29  3:31  SCV  
  30  3:44  SCV  
  31  3:50  Supply Depot  
  31  3:53  Factory Tech Lab  
  30  3:56  SCV  
  30  4:02  Refinery  
  31  4:08  SCV  
  32  4:13  Raven  
  32  4:15  Cyclone  
  37  4:20  SCV  
  38  4:27  Bunker  
  38  4:32  Orbital Command, SCV  
  39  4:44  SCV  
  40  4:55  Barracks Reactor, Command Center  
  40  4:56  Raven  
  42  5:00  SCV  
  42  5:01  SCV  
  44  5:08  Siege Tank  
  44  5:11  Engineering Bay  
  44  5:13  SCV x2  
  49  5:20  Refinery  
  49  5:25  SCV x2  
  48  5:37  SCV x2  
  48  5:40  Engineering Bay  
  48  5:42  Siege Tank  
  53  5:46  Viking x2  
  57  5:50  Marine  
  57  5:51  SCV x2  
  60  6:01  Stimpack  
  60  6:03  SCV x2  
  62  6:05  Barracks  
  62  6:06  Barracks  
  60  6:14  Marine  
  60  6:15  SCV, Terran Infantry Weapons Level 1  
  60  6:17  SCV  
  63  6:20  Orbital Command  
  63  6:28  SCV  
  63  6:29  SCV  
  63  6:32  Marine  
  66  6:40  Barracks, SCV, Starport Reactor  
  66  6:41  SCV  
  66  6:43  Orbital Command  
  68  6:49  Barracks, Siege Tank  
  68  6:50  Marine  
  68  6:52  SCV  
  68  6:53  SCV  
  75  6:54  Barracks Reactor  
  75  6:55  Barracks Reactor  
  75  7:00  Supply Depot  
  74  7:02  Supply Depot  
  74  7:04  SCV  
  74  7:05  SCV  
  74  7:07  Marine  
  77  7:22  Viking x2, Siege Tank, SCV  
  85  7:26  SCV x2  
  87  7:31  Marine x5  
  93  7:38  Barracks Reactor  
  93  7:39  Supply Depot  
  93  7:40  Supply Depot  
Tags
 
Add a new tag
Caveats
  • Supply blocks, unpowered buildings, or Contaminate may cause inaccurate times.
  • Supply counts are checked every 10 seconds.